 Dungeon Crawl Stone Soup version 0.27-a0-1071-ga85bd9520d (webtiles) character file.

Game seed: 11941830380101044418

1138 leviel the Cleaver (level 8, -1/66 HPs)
             Began as a Minotaur Fighter on Apr 24, 2021.
             Was a Follower of Okawaru.
             Slain by Maggie
             ... wielding a +4 broad axe of flaming
              (12 damage)
             ... on level 6 of the Dungeon.
             The game lasted 00:06:32 (6007 turns).

leviel the Cleaver (Minotaur Fighter)               Turns: 6007, Time: 00:06:33

Health: -1/66      AC:  7    Str: 23    XL:     8   Next: 14%
Magic:  7/7        EV:  7    Int:  5    God:    Okawaru [*.....]
Gold:   243        SH:  9    Dex: 10    Spells: 7/7 levels left

rFire    + . .     SeeInvis +   a - +0 war axe
rCold    + . .     Faith    .   c - +0 kite shield
rNeg     . . .     Spirit   .   b - +0 scale mail
rPois    +         Reflect  .   (helmet restricted)
rElec    +         Harm     .   (no cloak)
rCorr    +         Rampage  .   (no gloves)
Will     .....                  (no boots)
Stlth    ..........             (no amulet)
HPRegen  0.21/turn              g - ring of see invisible
MPRegen  0.10/turn              (no ring)

@: resistant, mesmerised
A: horns 2, retaliatory headbutt
a: Renounce Religion, Heroism


You were on level 6 of the Dungeon.
You worshipped Okawaru.
Okawaru was aware of your devotion.
You visited 2 branches of the dungeon, and saw 7 of its levels.

You collected 243 gold pieces.

Inventory:

Hand Weapons
 a - a +0 war axe (weapon)
Armour
 b - a +0 scale mail (worn)
 c - a +0 kite shield (worn)
Jewellery
 g - a ring of see invisible (left hand)
 o - a +6 ring of intelligence
Wands
 e - a wand of iceblast (9)
Scrolls
 f - 4 scrolls of identify {unknown}
 j - a scroll of fog {unknown}
 k - a scroll of silence {unknown}
 l - a scroll of enchant armour {unknown}
 n - 2 scrolls of teleportation {unknown}
 q - a scroll of amnesia {unknown}
Potions
 d - a potion of resistance
 h - a potion of cancellation {unknown}
 m - a potion of invisibility {unknown}
 p - a potion of magic {unknown}


   Skills:
 - Level 4.0 Fighting
 + Level 11.2 Axes
 - Level 4.0 Armour
 - Level 4.0 Shields


You had 7 spell levels left.
You didn't know any spells.
Your spell library was empty.

Dungeon Overview and Level Annotations

Branches:
Dungeon (6/15)             Temple (1/1) D:4

Altars:
Ashenzari
Dithmenos
Elyvilon
Fedhas
Gozag
Makhleb
Okawaru
Qazlal
Ru
Sif Muna
Trog
Uskayaw
Xom
Yredelemnul
The Shining One

Annotations:
D:6 Maggie


Innate Abilities, Weirdness & Mutations

You have a pair of horns on your head.
You reflexively headbutt those who attack you in melee.


Message History

The hound bites you but does no damage.
The bullfrog skeleton barely misses you.
You furiously retaliate!
You headbutt the bullfrog skeleton.
Maggie points at you and mumbles some strange words.
The bolt of fire hits you!!
* * * LOW HITPOINT WARNING * * *
You block the hound's attack.
The bullfrog skeleton hits you but does no damage.
You slash the hound!
The hound is heavily wounded.
You slash the bullfrog skeleton! The hound bites you but does no damage.
The bullfrog skeleton hits you.
* * * LOW HITPOINT WARNING * * *
The hound bites you but does no damage.
You cannot move away from Maggie!
Unknown command.
You closely miss the hound.
The hound is heavily wounded.
You slash the bullfrog skeleton! You block the hound's attack.
The bullfrog skeleton hits you but does no damage.
The hound barely misses you. You furiously retaliate!
You headbutt the hound!
You kill the hound!
Okawaru accepts your kill.
It was a potion of curing.
You feel better.
The bullfrog skeleton hits you but does no damage. x2
Maggie barely misses you.
You feel better.
You block the bullfrog skeleton's attack.
Maggie hits you with a +4 broad axe of flaming.
Maggie burns you.
You feel better. The bullfrog skeleton hits you.
Maggie hits you with a +4 broad axe of flaming!
* * * LOW HITPOINT WARNING * * *
Maggie burns you.
* * * LOW HITPOINT WARNING * * *
It was a potion of resistance.
You feel protected.
The bullfrog skeleton hits you but does no damage. x2
Maggie hits you with a +4 broad axe of flaming!
You die...

....... .......
###.......
###.........
#...........
###..........
###.##.........
##....#.@@.....#
#......#Z†...###
#.........$..<..
#............##.
##...../.....#
###.........#
##....###..#
#..... ...
##..... .


You could see Maggie (mesmerising) and a bullfrog skeleton.

Vanquished Creatures
  Eustachio (D:4)
  A black bear (D:5)
  A sky beast (D:6)
  A necrophage (D:5)
  A centaur (D:5)
  A bullfrog (D:2)
  A gnoll sergeant (D:5)
  A water moccasin zombie (D:5)
  A scorpion (D:5)
  3 hounds
  An iguana (D:5)
  2 orc wizards (D:3)
  A hound skeleton (D:4)
  5 gnolls
  7 adders
  An ufetubus (D:6)
  2 worms
  2 dart slugs
  16 orcs
  9 ball pythons
  9 endoplasms
  A giant cockroach (D:1)
  6 goblins
  8 hobgoblins
  6 jackals
  10 kobolds
  4 quokkas
  11 bats
  4 frilled lizards
  A quokka skeleton (D:4)
  4 rats
122 creatures vanquished.

Notes
Turn   | Place    | Note
-------+----------+-------------------------------------------
     0 | D:1      | leviel the Minotaur Fighter began the quest for the Orb.
     0 | D:1      | Reached XP level 1. HP: 19/19 MP: 0/0
   229 | D:1      | Reached XP level 2. HP: 21/27 MP: 1/1
   786 | D:1      | Reached skill level 3 in Axes
   797 | D:1      | Reached XP level 3. HP: 33/33 MP: 2/2
  1228 | D:2      | Found a stormy altar of Qazlal.
  1260 | D:2      | Noticed a bullfrog
  1267 | D:2      | Killed a bullfrog
  1268 | D:2      | Reached skill level 4 in Axes
  1268 | D:2      | Reached XP level 4. HP: 22/40 MP: 3/3
  1428 | D:2      | Reached skill level 5 in Axes
  1821 | D:2      | Reached XP level 5. HP: 31/46 MP: 4/4
  2204 | D:3      | Found a shadowy altar of Dithmenos.
  2345 | D:3      | Reached skill level 6 in Axes
  3012 | D:4      | Found a staircase to the Ecumenical Temple.
  3026 | Temple   | Entered the Ecumenical Temple
  3195 | Temple   | Became a worshipper of Warmaster Okawaru
  3301 | D:4      | Reached skill level 7 in Axes
  3304 | D:4      | Reached XP level 6. HP: 45/52 MP: 5/5
  3549 | D:4      | Noticed Eustachio
  3564 | D:4      | Killed Eustachio
  3565 | D:4      | Reached skill level 8 in Axes
  4362 | D:5      | Entered Level 5 of the Dungeon
  4541 | D:5      | Reached * piety under Okawaru
  4542 | D:5      | Reached XP level 7. HP: 20/59 MP: 6/6
  4756 | D:5      | Found an opulent altar of Gozag.
  4772 | D:5      | Reached skill level 9 in Axes
  4977 | D:5      | Found a bloodstained altar of Trog.
  5103 | D:5      | Reached skill level 10 in Axes
  5802 | D:5      | Reached XP level 8. HP: 55/66 MP: 7/7
  5988 | D:6      | Reached skill level 11 in Axes
  5995 | D:6      | Noticed Maggie
  6002 | D:6      | HP: 2/66 [bullfrog skeleton (4)]
  6007 | D:6      | Slain by Maggie

Illustrated notes

Levels and vault maps discovered:
D:1:      lemuel_arrival_lava_pool, layout_loops_corners, minmay_tripent
D:2:      minmay_razor_zed, layout_basic, basic_altar, minmay_octomino_j4
D:3:      layout_loops_ring, nicolae_overflow_crystal_walls,
          hangedman_decor_clover_reticule, minivault_14
D:4:      minmay_recursive_quarters, layout_loops_corners,
          minmay_temple_entry_statues_pillars, minivault_14, st_stairs_7,
          uniq_eustachio
D:5:      layout_cave_pods, trog_three_pillars_becter, lemuel_doored_altar,
          hangedman_decor_peaks_small
D:6:      layout_cave_pools, nemelex_xobeh_ov_fountains_minmay,
          gammafunk_ghost_smash, uniq_maggie
Temple:   hc_temple_tempest_star

Skill      XL: |  1  2  3  4  5  6  7  8 |
---------------+-------------------------+-----
Armour         | 4 |  4.0
Shields        | 4 |  4.0
Fighting       | 4 |  4.0
Axes           | 3 4 5 7 8 10 11 | 11.2

Action                   |  1- 3 |  4- 6 |  7- 9 || total
-------------------------+-------+-------+-------++-------
Melee: War axe           |    63 |   174 |    65 ||   302
       Headbutt          |     2 |    26 |    11 ||    39
  Use: Potion            |     1 |       |     4 ||     5
       Scroll            |       |     1 |       ||     1
Armor: Scale mail        |    21 |    82 |    46 ||   149
Dodge: Dodged            |    23 |    51 |    18 ||    92
Block: Kite shield       |    30 |    97 |    48 ||   175

Table legend: (Time is in decaauts)
 A = Elapsed time spent in this place.
 B = Non-inter-level travel time spent in this place.
 C = Inter-level travel time spent in this place.
 D = Time resting spent in this place.
 E = Time spent auto-exploring this place.
 F = Levels seen in this place.
 G = Mean time per level.
                   A        B        C        D        E       F      G
               +--------+--------+--------+--------+--------+-----+--------+
         Total |   6161 |   5988 |    173 |    614 |   4623 |   7 |  880.1 |
       Dungeon |   5951 |   5816 |    135 |    614 |   4464 |   6 |  991.8 |
        Temple |    210 |    173 |     37 |      0 |    159 |   1 |  210.0 |
               +--------+--------+--------+--------+--------+-----+--------+

Top non-repeatable levels by time:
     D:5: 1510 daAuts
     D:4: 1341 daAuts
     D:2: 1155 daAuts
     D:1: 1108 daAuts
     D:3: 808 daAuts
  Temple: 210 daAuts
     D:6: 27 daAuts
